Description

Destroying Protoss With The BULLDOZER - Terran School #35

VOD

https://www.youtube.com/watch?v=x_WdMpoHywI

Replay - BULLDOZER GUIDE

Build Order

Get SALT Encoding   

  12  0:00  SCV  
  13  0:12  SCV  
  14  0:17  Supply Depot  
  14  0:24  SCV  
  14  0:27  Refinery  
  15  0:38  SCV  
  16  0:44  Barracks  
  16  0:50  SCV  
  17  1:02  SCV  
  18  1:14  SCV  
  19  1:30  Marine  
  19  1:31  Orbital Command  
  20  1:34  Factory  
  20  1:49  Barracks Reactor  
  20  1:57  Command Center  
  20  2:05  Supply Depot  
  20  2:07  SCV  
  21  2:19  SCV  
  26  2:30  Hellion x2, Supply Depot  
  26  2:31  SCV  
  28  2:45  Refinery  
  28  2:51  Hellion x2  
  30  2:54  Starport  
  33  3:08  Orbital Command  
  33  3:12  Widow Mine x2  
  39  3:30  Medivac  
  44  3:34  Widow Mine x2  
  45  3:44  Barracks Tech Lab  
  47  4:01  Starport Reactor  
  49  4:02  Barracks x2  
  49  4:07  Factory Tech Lab, Marine, Supply Depot  
  51  4:11  Stimpack  
  52  4:22  Engineering Bay  
  53  4:29  Marine  
  55  4:34  Siege Tank  
  55  4:46  Marine x2  
  55  4:49  Refinery  
  55  4:52  Bunker  
  58  4:58  Marine  
  60  5:06  Siege Tank  
  62  5:08  Marine  
  62  5:13  Starport Reactor  
  62  5:14  Marine x3  
  62  5:21  Supply Depot  
  62  5:22  Missile Turret  
  62  5:28  Terran Infantry Weapons Level 1  
  67  5:42  Siege Tank  
  72  5:45  Refinery  
  73  5:50  Medivac  
  78  5:59  Missile Turret  
  78  6:04  Medivac  
  83  6:13  Combat Shield  
  86  6:25  Siege Tank  
  93  6:35  Command Center  
  93  6:37  Medivac  
  96  6:44  Medivac  
  102  6:57  Siege Tank  
  110  7:16  Barracks x2  
  110  7:41  Missile Turret  
Spawning Tool Build Advisor. Get it on Overwolf

Go to:

Details

  • Created by: WipeR
  • Published on: Jan 30, 2021
  • Modified on: Jan 30, 2021
  • Patch: 4.11.0
  • Difficulty: Hard
Show
View Real Time Build Order
Export as new Build Order

Comments (0)

There are no comments. Be the first!

Create an account to comment!